 Dungeon Crawl Stone Soup version 0.27-a0-1312-g5cdb2b3542 (webtiles) character file.

Game seed: 17468984303198138778

6699 spiderkeys the Destroyer (level 11, 0/69 HPs)
             Began as an Octopode Abyssal Knight on June 20, 2021.
             Was a Priest of Lugonu.
             Slain by a smoke demon (2 damage)
             ... summoned by Lugonu's corruption
             ... on level 9 of the Dungeon.
             The game lasted 00:29:29 (13716 turns).

spiderkeys the Destroyer (Octopode Abyssal Knight) Turns: 13716, Time: 00:29:29

Health: 0/69       AC:  1    Str: 23    XL:     11   Next: 3%
Magic:  22/22      EV: 13    Int: 17    God:    Lugonu [***...]
Gold:   842        SH:  4    Dex:  5    Spells: 14/25 levels left

rFire    + . .     SeeInvis .   g - +8 spear "Dragonbane" {drain, rF+ Str+4 Dex-4}
rCold    . . .     Faith    .   h - +0 buckler
rNeg     + . .     Spirit   .   (helmet restricted)
rPois    +         Reflect  .   t - amulet of magic regeneration
rElec    .         Harm     .   P - ring of poison resistance
rCorr    .         Rampage  .   Z - ring of wizardry
Will     .....     Rnd*Tele +   N - ring of positive energy
Stlth    ++........             S - +6 ring of strength
HPRegen  0.21/turn              (no ring)
MPRegen  0.43/turn              (no ring)
                                (no ring)
                                (no ring)

@: no status effects
A: almost no armour, amphibious, 8 rings, camouflage 1, gelatinous body 1,
(nimble swimmer 1), tentacles, antennae 1, clumsy 1, poison resistance,
teleportitis 1
a: Renounce Religion, Depart the Abyss, Bend Space, Banish


You were on level 9 of the Dungeon.
You worshipped Lugonu.
Lugonu was most pleased with you.
You visited 1 branch of the dungeon, and saw 9 of its levels.
You visited the Abyss 1 time.
You also visited: Ossuary.

You collected 842 gold pieces.


Innate Abilities, Weirdness & Mutations

You cannot wear most types of armour.
You are amphibious.
You can wear up to eight rings at the same time.
Your skin changes colour to match your surroundings (Stealth+).
Your rubbery body absorbs attacks. (AC +1, EV +1)
((You are camouflaged near water. (Stealth+)))
You have tentacles for arms and can constrict up to eight enemies at once.
You have a pair of small antennae on your head.
You are clumsy. (Dex -2)
Your system is resistant to poisons. (rPois)
You are occasionally teleported next to monsters.


   Skills:
 - Level 4.1 Fighting
 - Level 4.0 Maces & Flails
 - Level 5.0 Polearms
 - Level 4.0 Dodging
 - Level 4.0 Shields
 * Level 7.7 Spellcasting
 * Level 8.7 Conjurations
 + Level 7.8 Invocations


You had 14 spell levels left.
You knew the following spells:

 Your Spells              Type           Power      Damage    Failure   Level
f - Fulminant Prism       Conj/Hex       10%        3d9       8%          4
s - Searing Ray           Conj           72%        3d6       1%          2
z - Magic Dart            Conj           100%       1d8       1%          1
X - Iskenderun's Mystic   Conj/Tloc      21%        2d6       8%          4

Your spell library contained the following spells:

 Spells                   Type           Power      Damage    Failure   Level
 Dazzling Flash           Conj/Hex       42%        N/A       2%          3
 Animate Skeleton         Necr           12%        N/A       4%          1
 Beastly Appendage        Tmut           12%        N/A       4%          1
 Pain                     Necr           24%        1d5       4%          1
 Summon Small Mammal      Summ           24%        N/A       4%          1
 Call Imp                 Summ           6%         N/A       6%          2
 Wereblood                Tmut           6%         N/A       6%          2
 Call Canine Familiar     Summ           6%         N/A       13%         3
 Spider Form              Tmut/Pois      3%         N/A       13%         3
 Summon Guardian Golem    Hex/Summ       6%         N/A       13%         3
 Vampiric Draining        Necr           3%         2d6       13%         3
 Animate Dead             Necr           3%         N/A       38%         4
 Ice Form                 Ice/Tmut       6%         N/A       38%         4
 Summon Ice Beast         Ice/Summ       6%         N/A       38%         4
 Summon Lightning Spire   Summ/Air       6%         N/A       38%         4
 Agony                    Necr           6%         N/A       71%         5

Inventory:

Hand Weapons
 e - a +0 morningstar
   (You found it on level 3 of the Abyss)
 g - the +8 spear "Dragonbane" (weapon) {drain, rF+ Str+4 Dex-4}
   (You found it on level 5 of the Dungeon)

   A truly terrible weapon, it drains the life of those it strikes.
   It affects your strength (+4).
   It affects your dexterity (-4).
   It protects you from fire.
Missiles
 a - 422 stones
 i - 184 sling bullets
 j - 15 boomerangs
 k - 2 silver boomerangs
 o - 8 javelins
 u - 141 arrows
 v - 29 poisoned darts
 z - 5 atropa-tipped darts
 C - 2 curare-tipped darts {=f}
 D - 26 bolts
Armour
 h - a +0 buckler (worn)
   (You found it on level 5 of the Dungeon)
Jewellery
 s - a +6 ring of strength
   (You took it off a gnoll sergeant on level 9 of the Dungeon)
 t - an amulet of magic regeneration (around mantle)
   (You found it on level 5 of the Dungeon)
 N - a ring of positive energy (on tentacle)
   (You found it on level 6 of the Dungeon)
 P - a ring of poison resistance (left tentacle)
   (You found it on level 2 of the Dungeon)
 S - a +6 ring of strength (on tentacle)
   (You found it on level 8 of the Dungeon)
 Z - a ring of wizardry (right tentacle)
   (You found it on level 5 of the Dungeon)
Wands
 c - a wand of paralysis (1)
   (You found it on level 3 of the Abyss)
 f - a wand of charming (6)
   (You found it on level 7 of the Dungeon)
 r - a wand of flame (40)
   (You found it on level 3 of the Dungeon)
 B - a wand of iceblast (13)
   (You took it off Ijyb on level 5 of the Dungeon)
 K - a wand of acid (9)
   (You found it on level 8 of the Dungeon)
Scrolls
 d - 2 scrolls of noise {!r}
 l - 3 scrolls of summoning
 w - 2 scrolls of magic mapping {!r}
 x - 3 scrolls of teleportation {@r4}
 y - a scroll of immolation {!r!r}
 E - a scroll of torment {!r}
 F - a scroll of enchant armour
 H - a scroll of enchant weapon
 I - a scroll of silence {!r}
 L - a scroll of vulnerability {!r!r}
Potions
 b - 3 potions of brilliance
 m - 3 potions of curing {@q1}
 n - 2 potions of invisibility {unknown}
 p - 3 potions of lignification {unknown}
 q - 2 potions of flight {unknown}
 A - 6 potions of haste {@q3}
 G - a potion of resistance
 J - a potion of berserk rage {!q}

Dungeon Overview and Level Annotations

Branches:
Dungeon (9/15)             Temple (0/1) D:6         Ossuary (visited)
   Lair: D:8-11         Orc: D:9-12

Altars:
Ashenzari
Cheibriados
Fedhas
Hepliaklqana
Kikubaaqudgha
Okawaru
Qazlal
Sif Muna
Wu Jian
Xom
Beogh

Shops:
D:1 =   D:5 *   D:9 ?

Annotations:
D:2 1 runed translucent door, Crazy Yiuf
D:7 3 runed translucent doors, Sobieck's ghost, novice PaAK
D:9 corrupted

# ### ###########
..#############.##......
#..............3@#.!....#.
#...............##....#...
#........XX....##.{.#.....
#...................X..5.$
#.#########.##.#.#.xx.....
#.# #....#.3........ #.#
.#...#Z.X...$3.. #.#
.#....#.....4.... #...
.......##X..##.###


You could see 2 neutral starcursed masses and a neutral smoke demon (summoned,
wandering).


Message History

😮 HP[-2]
You take 2 damage, and now have 43/63 hp.
You puncture the centaur! Your squeeze misses the centaur.
The centaur hits you. The centaur barely misses you. 😮 HP[-4]
You take 4 damage, and now have 39/63 hp.
You hit the centaur. The bullfrog hits you! The centaur barely misses you. x2
The bullfrog completely misses you.
Erolcha the Cunning comes into view.
She is wielding a +0 giant club and carrying a wand of iceblast (6). 😮 HP[-7]
You take 7 damage, and now have 32/63 hp.
Casting: Fulminant Prism (dangerous; 9% risk of failure)
Confirm with . or Enter, or press ? or * to list all spells.
Okay, then.
Erolcha shouts!
You puncture the centaur!
You kill the centaur!
Lugonu accepts your kill. The bullfrog misses you.
You puncture the bullfrog! Your grab misses the bullfrog.
You squeeze the bullfrog! You block the bullfrog's attack.
You barely miss the bullfrog. You grab the bullfrog.
You constrict the bullfrog.
You kill the bullfrog!
Lugonu accepts your kill.
Casting: Fulminant Prism (dangerous; 8% risk of failure)
Confirm with . or Enter, or press ? or * to list all spells.
You don't know that spell.
Unknown command.
Unknown command.
Lugonu's Hand of Corruption reaches out! 😨 HP[-4] MP[-7]
You take 4 damage, and now have 28/63 hp.
You lost 7 mp, and now have 14/21 mp.
Erolcha hits the small abomination with a +0 giant club.
The small abomination hits Erolcha!
The small abomination hits Erolcha.
A starcursed mass splits.
The raiju barely misses Erolcha.
Erolcha hits the small abomination with a +0 giant club.
The hellwing hits Erolcha!
The hellwing hits Erolcha.
The small abomination hits Erolcha!
A starcursed mass splits.
The small abomination hits Erolcha.
A starcursed mass splits. 😨 MP[+1]
The wolf spider zombie hits Erolcha!
The wolf spider zombie bites Erolcha.
Erolcha hits the wolf spider zombie with a +0 giant club!
The hellwing hits Erolcha!
The hellwing barely misses Erolcha.
The raiju barely misses Erolcha.
A starcursed mass splits. x2
The small abomination barely misses Erolcha.
The small abomination hits Erolcha!!
Erolcha dies! 😨 MP[+1]
The ynoxinul refuses to make way for you. (Use ctrl+direction or * direction to attack.) Unknown command. 😨 HP[+1] 😨 MP[+1]
The ynoxinul closely misses you. 😨 MP[+1] 😨 HP[+1] 😨 MP[+1]
The boulder beetle burns!
A starcursed mass splits.
The boulder beetle burns!
The boulder beetle bites you!!
* * * LOW HITPOINT WARNING * * *
The starcursed mass touches the boulder beetle but does no damage. 😱 HP[-23] MP[+1]
You take 23 damage, and now have 7/63 hp.
MASSIVE DAMAGE!! (PAUSE)
Press: ? - help, Shift-Dir - straight line, f - boulder beetle
Aim: a boulder beetle (moderately wounded, covered in liquid flames, chance to affect: 72%)
The boulder beetle is devoured by a tear in reality.
Lugonu claims a new guest.
You can no longer corrupt the fabric of space.
You have reached level 11! 😱 HP[+1] MP[-4]
You now have 69 max hp (+6).
You lost 4 mp, and now have 16/22 mp. 😱 HP[+1] MP[+1] 😱 MP[+1]
There are monsters nearby! 😱 HP[+1] MP[+1] 😱 MP[+1] 😱 MP[+1] 😱 HP[+1] 😱 MP[+1]
Your mp is fully restored (22). 😱 HP[+1]
Okay, then. 😱 HP[+1] 😱 HP[+1] 😱 HP[+1] 😱 HP[+1] 😱 HP[+1]
The smoke demon hits you!
* * * LOW HITPOINT WARNING * * *
The smoke demon barely misses you. The smoke demon hits you.
* * * LOW HITPOINT WARNING * * *
The smoke demon misses you. The smoke demon hits you.
* * * LOW HITPOINT WARNING * * *
The smoke demon hits you.
* * * LOW HITPOINT WARNING * * *
The smoke demon completely misses you. The smoke demon hits you.
You die...

Skill      XL: |  1  2  3  4  5  6  7  8  9 10 |
---------------+-------------------------------+-----
Maces & Flails | 1 2 3 4 |  4.0
Dodging        | 3 4 |  4.0
Invocations    | 3 4 5 6 7 |  7.8
Fighting       | 4 |  4.1
Conjurations   | 1 3 5 6 8 |  8.7
Spellcasting   | 2 4 5 7 |  7.7
Shields        | 1 2 3 4 |  4.0
Polearms       | 3 4 5 |  5.0

Action                   |  1- 3 |  4- 6 |  7- 9 | 10-12 || total
-------------------------+-------+-------+-------+-------++-------
Melee: Morningstar       |    87 |    99 |    36 |       ||   222
       Constrict         |    20 |    17 |    23 |    11 ||    71
       Tentacles         |    10 |    15 |    11 |    12 ||    48
       Spear             |       |       |    87 |   117 ||   204
Throw: Boomerang         |     3 |       |     9 |       ||    12
       Dart              |     1 |       |    28 |     2 ||    31
       Javelin           |       |       |    12 |       ||    12
 Cast: Magic Dart        |       |       |    11 |     6 ||    17
       Searing Ray       |       |       |    10 |     7 ||    17
       Fulminant Prism   |       |       |     3 |    21 ||    24
Invok: Depart the Abyss  |     1 |       |       |       ||     1
       Bend Space        |       |       |     3 |     3 ||     6
       Banish            |       |       |     2 |     1 ||     3
       Corrupt           |       |       |       |     1 ||     1
Evoke: Wand              |       |       |    19 |     4 ||    23
  Use: Scroll            |     3 |     5 |     2 |     6 ||    16
       Potion            |       |       |     7 |     1 ||     8
 Stab: Sleeping          |    10 |     5 |     2 |       ||    17
       Paralysed         |       |       |    11 |       ||    11
Armor: Skin              |    11 |     6 |     3 |     4 ||    24
Dodge: Dodged            |   131 |    63 |    77 |    59 ||   330
Block: Buckler           |       |       |    12 |    16 ||    28

Levels and vault maps discovered:
D:1:      nagdon_arrival_double_spiral, layout_loops_corners, serial_shops, shop
D:2:      layout_rooms, chequers_serial_rivers_micro_e, uniq_natasha,
          uniq_terence, uniq_crazy_yiuf_cottage
D:3:      layout_basic, lemuel_round_altar, lemuel_doored_altar, led_xom_imps,
          minmay_misc_feat_four_crosses, minivault_27, minmay_increasing_density
D:4:      layout_loops_ring, nzn_wu_jian_contemplation, uniq_robin
D:5:      layout_basic, nicolae_shop_sticking_my_neck_out, uniq_ijyb,
          uniq_prince_ribbit1
D:6:      layout_basic, grunt_temple_overflow_forces_of_nature,
          minmay_temple_entry_antechambers, uniq_grinder, uniq_maggie,
          uniq_duvessa
D:7:      layout_basic, lemuel_round_altar, biasface_ghost_orc_armoury
D:8:      layout_basic, enter_ossuary_3
D:9:      layout_irregular_city, old_standard_altar, jmf_multi_god_temple,
          serial_shops, nicolae_shop_behind_doors, minmay_misc_feat_enclosed,
          uniq_erolcha

Notes
Turn   | Place    | Note
-------+----------+-------------------------------------------
     0 | Abyss:1  | spiderkeys the Octopode Abyssal Knight began the quest for
                  | the Orb.
     0 | Abyss:1  | Reached XP level 1. HP: 16/16 MP: 2/2
     0 | Abyss:1  | magus.rc [v1.9.10]
    82 | Abyss:1  | Found a corrupted altar of Lugonu.
   123 | Abyss:1  | Noticed a neqoxec
   136 | Abyss:2  | Found a shimmering blue altar of Sif Muna.
   173 | Abyss:2  | Noticed a large abomination
   196 | Abyss:3  | Noticed an ancient zyme
   239 | Abyss:3  | Noticed a sixfirhy
   251 | Abyss:3  | Noticed an ancient zyme
   252 | Abyss:3  | Noticed an Executioner
   276 | Abyss:3  | Noticed a chaos spawn
   314 | Abyss:3  | Noticed a spatial vortex
   315 | Abyss:3  | Noticed a raiju
   315 | Abyss:3  | Noticed a raiju
   315 | Abyss:3  | Noticed a spatial maelstrom
   315 | Abyss:3  | Noticed a spatial vortex
   315 | Abyss:3  | Noticed a raiju
   316 | Abyss:3  | Noticed a starcursed mass
   332 | Abyss:3  | Noticed a wretched star
   361 | Abyss:3  | Noticed a large abomination
   374 | Abyss:3  | Noticed a large abomination
   376 | Abyss:3  | Noticed a lich
   377 | D:1      | You pass through the gate.
   377 | D:1      | Escaped the Abyss
   891 | D:1      | Reached XP level 2. HP: 19/21 MP: 3/3
   937 | D:1      | Reached * piety under Lugonu
   938 | D:1      | Reached skill level 1 in Maces & Flails
   942 | D:1      | HP: 5/21 [jackal (2)]
   945 | D:1      | HP: 1/21 [jackal (2)]
  1332 | D:1      | Found Poq Waod's Jewellery Shoppe.
  1662 | D:1      | Reached XP level 3. HP: 19/26 MP: 4/4
  2701 | D:2      | Noticed Terence
  2714 | D:2      | Killed Terence
  2715 | D:2      | Reached skill level 2 in Maces & Flails
  2715 | D:2      | Reached XP level 4. HP: 20/31 MP: 4/6
  2814 | D:2      | Reached skill level 3 in Dodging
  3120 | D:2      | Found a runed translucent door.
  3121 | D:2      | Noticed Crazy Yiuf
  3313 | D:2      | Reached ** piety under Lugonu
  3360 | D:2      | Noticed Natasha
  3367 | D:2      | Killed Natasha
  3368 | D:2      | Reached XP level 5. HP: 13/36 MP: 7/7
  3464 | D:2      | Noticed Natasha
  3470 | D:2      | Killed Natasha
  3471 | D:2      | Reached skill level 3 in Invocations
  3654 | D:2      | Noticed Natasha
  3661 | D:2      | Killed Natasha
  3662 | D:2      | Reached skill level 3 in Maces & Flails
  3942 | D:3      | Found an ancient bone altar of Kikubaaqudgha.
  4553 | D:3      | Found a broken altar of Ashenzari.
  4662 | D:3      | You pick up a book of Conjurations and begin reading...
  4662 | D:3      | You add the spells Magic Dart, Searing Ray, Dazzling Flash,
                  | Fulminant Prism and Iskenderun's Mystic Blast to your
                  | library.
  4690 | D:3      | Found a shimmering altar of Xom.
  4716 | D:3      | Reached skill level 4 in Fighting
  4716 | D:3      | Reached XP level 6. HP: 26/43 MP: 8/8
  5257 | D:3      | Learned a level 1 spell: Magic Dart
  5289 | D:4      | Found an ornate altar of the Wu Jian Council.
  5732 | D:4      | Reached skill level 4 in Maces & Flails
  5732 | D:4      | Reached skill level 1 in Conjurations
  5969 | D:4      | Noticed Robin
  6066 | D:4      | Reached XP level 7. HP: 48/48 MP: 9/9
  6084 | D:4      | Killed Robin
  6179 | D:4      | Reached skill level 1 in Spellcasting
  6373 | D:4      | Reached skill level 4 in Invocations
  6388 | D:4      | You pick up a book of Necromancy and begin reading...
  6388 | D:4      | You add the spells Pain, Animate Skeleton, Vampiric
                  | Draining, Animate Dead and Agony to your library.
  6389 | D:4      | Identified a +1 robe of the Archmagi
  6397 | D:4      | Reached skill level 2 in Conjurations
  6407 | D:4      | You pick up a book of Callings and begin reading...
  6407 | D:4      | You add the spells Summon Small Mammal, Call Imp, Call
                  | Canine Familiar, Summon Guardian Golem, Summon Lightning
                  | Spire and Summon Ice Beast to your library.
  6467 | D:4      | Learned a level 2 spell: Searing Ray
  6708 | D:5      | Entered Level 5 of the Dungeon
  6758 | D:5      | Reached skill level 4 in Dodging
  6868 | D:5      | Found Imiamin's Neck Hole.
  6916 | D:5      | Noticed Ijyb
  6926 | D:5      | Killed Ijyb
  7006 | D:5      | Reached *** piety under Lugonu
  7009 | D:5      | HP: 10/48 [orc (5)]
  7015 | D:5      | Gained mutation: Your system is resistant to poisons.
                  | (rPois) [potion of mutation]
  7015 | D:5      | Gained mutation: You possess an exceptional clarity of
                  | mind. [potion of mutation]
  7015 | D:5      | Gained mutation: You are occasionally teleported next to
                  | monsters. [potion of mutation]
  7015 | D:5      | Gained mutation: You are robust. (+10% HP) [potion of
                  | mutation]
  7258 | D:5      | Reached skill level 3 in Conjurations
  7260 | D:5      | Identified the +8 spear "Dragonbane" {drain, rF+ Str+4
                  | Dex-4}
  7350 | D:5      | You pick up a book of Callings and begin reading...
  7432 | D:5      | Reached skill level 2 in Spellcasting
  7437 | D:5      | Noticed Prince Ribbit
  7456 | D:5      | Killed Prince Ribbit
  7457 | D:5      | Reached skill level 1 in Shields
  7457 | D:5      | Reached XP level 8. HP: 52/59 MP: 11/11
  7740 | D:5      | Reached skill level 4 in Conjurations
  8033 | D:6      | Noticed a wraith
  8047 | D:6      | Killed a wraith
  8048 | D:6      | Reached skill level 3 in Spellcasting
  8048 | D:6      | Reached skill level 5 in Invocations
  8061 | D:6      | Noticed Maggie
  8072 | D:6      | Reached skill level 2 in Shields
  8072 | D:6      | Found a blossoming altar of Fedhas.
  8118 | D:5      | Reached skill level 3 in Polearms
  8259 | D:5      | Lost mutation: You are robust. (+10% HP) [potion of
                  | mutation]
  8259 | D:5      | Lost mutation: You possess an exceptional clarity of mind.
                  | [potion of mutation]
  8259 | D:5      | Gained mutation: You are clumsy. (Dex -2) [potion of
                  | mutation]
  8259 | D:5      | Gained mutation: You have a pair of small antennae on your
                  | head. [potion of mutation]
  8271 | D:6      | Killed Maggie
  8272 | D:6      | Reached skill level 4 in Spellcasting
  8272 | D:6      | Reached skill level 5 in Conjurations
  8272 | D:6      | Reached XP level 9. HP: 41/58 MP: 13/15
  8434 | D:6      | Noticed Grinder
  8435 | D:6      | Paralysed by Grinder for 2 turns
  8444 | D:6      | Killed Grinder
  8495 | D:6      | Identified the +3 ring mail of Proximity {rElec rN+ Stlth-}
  8503 | D:6      | Reached skill level 3 in Shields
  8519 | D:6      | Found a staircase to the Ecumenical Temple.
  8519 | D:6      | Noticed Dowan
  8519 | D:6      | Noticed Duvessa
  8526 | D:6      | Killed Duvessa
  8531 | D:6      | Killed Dowan
  8680 | D:6      | Found a stormy altar of Qazlal.
  8752 | D:6      | Reached skill level 6 in Invocations
  8849 | D:6      | Noticed a troll
  8855 | D:6      | HP: 13/58 [troll (9)]
  8855 | D:6      | HP: 5/58 [troll (8)]
  8857 | D:6      | Killed a troll
  8858 | D:6      | Reached skill level 4 in Polearms
  8858 | D:6      | Reached skill level 5 in Spellcasting
  8858 | D:6      | Reached skill level 6 in Conjurations
  9150 | D:6      | You pick up a book of Conjurations and begin reading...
  9156 | D:6      | Learned a level 4 spell: Fulminant Prism
  9161 | D:6      | Learned a level 4 spell: Iskenderun's Mystic Blast
  9415 | D:6      | HP: 14/58 [centaur/arrow (13)]
 10318 | D:7      | Found a runed translucent gate.
 10319 | D:7      | Found a runed translucent gate.
 10320 | D:7      | Found a runed translucent gate.
 10320 | D:7      | Noticed Sobieck's ghost (novice PaAK)
 10321 | D:7      | Found the +3 crown of Dyrovepreva {rElec Int+2 SInv}
 10352 | D:7      | Found a snail-covered altar of Cheibriados.
 10363 | D:7      | Reached XP level 10. HP: 28/63 MP: 13/18
 10386 | D:7      | HP: 23/94 [sky beast (2)]
 11244 | D:8      | Found a sand-covered staircase.
 11259 | Ossuary  | Entered an ossuary
 11305 | Ossuary  | Reached skill level 4 in Shields
 11319 | Ossuary  | Reached **** piety under Lugonu
 11515 | D:8      | Reached skill level 7 in Conjurations
 11721 | D:8      | Reached skill level 6 in Spellcasting
 12094 | D:8      | You pick up a book of Changes and begin reading...
 12094 | D:8      | You add the spells Beastly Appendage, Wereblood, Spider
                  | Form and Ice Form to your library.
 12371 | D:9      | HP: 15/63 [wyvern (15)]
 12444 | D:9      | Noticed a two-headed ogre
 12605 | D:9      | Reached skill level 7 in Invocations
 12663 | D:9      | Killed a two-headed ogre
 12664 | D:9      | Reached skill level 5 in Polearms
 12738 | D:9      | Found a shimmering blue altar of Sif Muna.
 12750 | D:9      | HP: 15/63 [gnoll (5)]
 13139 | D:9      | Reached skill level 7 in Spellcasting
 13139 | D:9      | Reached skill level 8 in Conjurations
 13185 | D:8      | HP: 10/63 [yak (9)]
 13538 | D:9      | Found Paonnot's Magic Scroll Shoppe.
 13600 | D:9      | Found an iron altar of Okawaru.
 13600 | D:9      | Found a hazy altar of Hepliaklqana.
 13654 | D:9      | Noticed Erolcha
 13658 | D:9      | Corrupted D:9
 13658 | D:9      | Noticed an apocalypse crab
 13658 | D:9      | Noticed a starcursed mass
 13661 | D:9      | Killed Erolcha
 13669 | D:9      | Noticed a smoke demon
 13671 | D:9      | Noticed a boulder beetle
 13671 | D:9      | Noticed a smoke demon
 13672 | D:9      | HP: 7/63 [boulder beetle (23)]
 13673 | D:9      | Banished a boulder beetle
 13674 | D:9      | Reached XP level 11. HP: 8/69 MP: 16/22
 13714 | D:9      | HP: 10/69 [smoke demon[Lugonu's corruption] (7)]
 13715 | D:9      | HP: 2/69 [smoke demon[Lugonu's corruption] (3)]
 13716 | D:9      | Slain by a smoke demon

Vanquished Creatures
  A two-headed ogre (D:9)
  Maggie (D:6)
  A troll (D:6)
  Prince Ribbit (D:5)
  Grinder (D:6)
  A wraith (D:6)
  5 yaks
  A wyvern (D:9)
  A steam dragon (D:9)
  3 water moccasins
  Duvessa (D:6)
  A sky beast (D:7)
  A necrophage (D:6)
  2 ogres
  6 centaurs
  2 phantoms
  4 kobold brigands
  4 bullfrogs
  2 gnoll sergeants
  2 scorpions (D:5)
  Dowan (D:6)
  A water moccasin zombie (D:5)
  A wyvern zombie (D:8)
  A water moccasin skeleton (D:4)
  4 howler monkeys (D:9)
  4 crimson imps (D:3)
  2 centaur zombies (D:8)
  A centaur skeleton (D:6)
  A human zombie (D:8)
  A jelly (D:6)
  An orc priest (D:5)
  2 hounds
  Terence (D:2)
  An iguana (D:6)
  Ijyb (D:5)
  Natasha (thrice) (D:2)
  An orc wizard (D:5)
  8 mummies (Ossuary)
  A howler monkey zombie (D:9)
  Robin (D:4)
  9 gnolls
  A howler monkey skeleton (D:7)
  4 adders
  An ufetubus (D:4)
  3 worms
  8 orcs
  4 bats
  7 endoplasms
  6 giant cockroaches
  13 goblins
  7 hobgoblins
  15 jackals
  3 quokkas
  5 ball pythons
  A frilled lizard (D:1)
  2 gnoll zombies (Ossuary)
  3 hobgoblin zombies
  24 kobolds
  2 kobold zombies (Ossuary)
  2 orc zombies (Ossuary)
  7 rats
  A rat zombie (D:8)
206 creatures vanquished.

Vanquished Creatures (collateral kills)
  A bullfrog skeleton (D:5)
  An orc (D:5)
2 creatures vanquished.

Vanquished Creatures (others)
  Erolcha (D:9)
  24 fulminant prisms
  7 plants (D:6)
32 creatures vanquished.

Grand Total: 240 creatures vanquished

Table legend:
 A = Non-vault XP
 B = Vault XP
 C = Vault XP percentage of total XP
 D = Non-vault monster count
 E = Vault monster count
 F = Vault count percentage of total count
                 A         B        C        D         E       F
            +---------+---------+-------+---------+---------+-------
      Total |    7727 |    1843 |  19.3 |     160 |      51 |  24.2
            +---------+---------+-------+---------+---------+-------
        D:1 |      56 |       0 |   0.0 |      33 |       0 |   0.0
        D:2 |     109 |      73 |  40.1 |      19 |       2 |   9.5
        D:3 |      16 |     203 |  92.7 |       7 |       9 |  56.2
        D:4 |     253 |      39 |  13.4 |      13 |      13 |  50.0
        D:5 |     621 |     303 |  32.8 |      16 |       2 |  11.1
        D:6 |    1696 |     854 |  33.5 |      20 |       4 |  16.7
        D:7 |     587 |       0 |   0.0 |      10 |       0 |   0.0
        D:8 |    1298 |      44 |   3.3 |      17 |       3 |  15.0
        D:9 |    3091 |     172 |   5.3 |      25 |       2 |   7.4
    Ossuary |       0 |     155 | 100.0 |       0 |      16 | 100.0
            +---------+---------+-------+---------+---------+-------

Illustrated notes

Table legend:
 A = Kills in this place as a percentage of kills in entire the game.
 B = Kills by you in this place as a percentage of kills by you in the entire game.
 C = Kills by friends in this place as a percentage of kills by friends in the entire game.
 D = Other kills in this place as a percentage of other kills in the entire game.
 E = Experience gained in this place as a percentage of experience gained in the entire game.
 F = Experience gained in this place divided by the number of levels of this place that you have seen.
                   A       B       C       D       E      F
               +-------+-------+-------+-------+-------+----------------------
         Total | 100.0 | 100.0 | 100.0 | 100.0 | 100.0 | 736.2
       Dungeon |  92.4 |  92.2 | 100.0 | 100.0 |  98.4 | 1046.1
       Ossuary |   7.6 |   7.8 |   0.0 |   0.0 |   1.6 | 155.0
               +-------+-------+-------+-------+-------+----------------------

Table legend: (Time is in decaauts)
 A = Elapsed time spent in this place.
 B = Non-inter-level travel time spent in this place.
 C = Inter-level travel time spent in this place.
 D = Time resting spent in this place.
 E = Time spent auto-exploring this place.
 F = Levels seen in this place.
 G = Mean time per level.
                   A        B        C        D        E       F      G
               +--------+--------+--------+--------+--------+-----+--------+
         Total |  13839 |  13429 |    410 |   2144 |   9194 |  13 | 1064.5 |
       Dungeon |  13218 |  12808 |    410 |   2144 |   8977 |   9 | 1468.7 |
         Abyss |    376 |    376 |      0 |      0 |     48 |   3 |  125.3 |
       Ossuary |    244 |    244 |      0 |      0 |    169 |   1 |  244.0 |
               +--------+--------+--------+--------+--------+-----+--------+

Top non-repeatable levels by time:
     D:1: 2262 daAuts
     D:6: 1770 daAuts
     D:5: 1625 daAuts
     D:4: 1468 daAuts
     D:3: 1399 daAuts
     D:2: 1286 daAuts
     D:9: 1221 daAuts
     D:7: 1189 daAuts
     D:8: 994 daAuts
 Ossuary: 244 daAuts
 Abyss:3: 192 daAuts
 Abyss:1: 130 daAuts
 Abyss:2: 53 daAuts
